 Dungeon Crawl Stone Soup version 0.31-a0-889-g1a8549509d (webtiles) character file.

Game seed: 3704580441915085150

520 Kuronicle the Sneak (level 7, -2/45 HPs)
             Began as an Octopode Shapeshifter on Oct 16, 2023.
             Slain by a two-headed ogre
             ... wielding a +0 giant club
              (14 damage)
             ... on level 5 of the Dungeon.
             The game lasted 00:10:45 (4505 turns).

Kuronicle the Sneak (Octopode Shapeshifter)         Turns: 4505, Time: 00:10:45

Health: -2/45      AC:  5    Str: 17    XL:     7   Next: 21%
Magic:  8/8        EV: 14    Int: 12    God:
Gold:   254        SH:  0    Dex: 14    Spells: 7/8 levels left

rFire   . .          .
                       - Unarmed
rCold   . . .        (no shield)
rNeg    . . .        (helmet currently unavailable)
rPois   +            (no amulet)
rElec   .            m - +6 ring of strength
rCorr   .            h - ring of see invisible
SInv    +            s - +4 ring of protection
Will    .....        (no ring)
Stlth   ++++         (no ring)
HPRegen 0.27/turn    (no ring)
MPRegen 0.11/turn    (no ring)
                     (no ring)

%: no passive effects
@: beast-form
A: beast (slay +2), almost no armour, amphibious, 8 rings, camouflage 1,
gelatinous body 1, (nimble swimmer 1), tentacles, poison resistance, weak 1
a: Begin Untransformation


You were on level 5 of the Dungeon.
You were a hulking beast.
You visited 1 branch of the dungeon, and saw 5 of its levels.

You collected 254 gold pieces.

Inventory:

Hand Weapons
 f - a +0 flail of holy wrath
Armour
 d - a +0 hat
Magical Staves
 A - a staff of air
Jewellery
 h - a ring of see invisible (right tentacle)
 m - a +6 ring of strength (left tentacle)
 s - a +4 ring of protection (on tentacle)
Talismans
 b - a beast talisman (active)
 c - a flux talisman
 e - a serpent talisman
Wands
 t - a wand of iceblast (12)
 x - a wand of quicksilver (8)
Scrolls
 g - a scroll of silence {unknown}
 i - a scroll of poison
 j - a scroll of revelation {unknown}
 k - a scroll of enchant weapon {unknown}
 l - 4 scrolls of teleportation {unknown}
 o - a scroll of enchant armour {unknown}
 p - a scroll of torment {unknown}
 u - a scroll of noise {unknown}
 y - a scroll of identify
Potions
 a - a potion of lignification
 n - 4 potions of curing {unknown}
 q - a potion of attraction
 r - 2 potions of heal wounds
 v - a potion of might {unknown}
 w - 2 potions of haste
 z - a potion of brilliance {unknown}


   Skills:
 * Level 2.9 Fighting
 - Level 3.0 Dodging
 - Level 5.0 Stealth
 + Level 4.9 Unarmed Combat
 - Level 1.0 Spellcasting
 - Level 1.0 Conjurations
 * Level 3.8 Shapeshifting


You had 7 spell levels left.
You knew the following spells:

 Your Spells              Type           Power      Damage    Failure   Level
a - Magic Dart            Conj           12%        1d3       21%         1

Your spell library contained the following spells:

 Spells                   Type           Power      Damage    Failure   Level
 Searing Ray              Conj           6%         2d4       30%         2
 Volatile Blastmotes      Fire/Tloc      0%         2d10      65%         3
 Fulminant Prism          Conj/Hex       0%         3d5       94%         4
 Iskenderun's Mystic Bla  Conj/Tloc      1%         2d3       94%         4


Dungeon Overview and Level Annotations

Branches:
Dungeon (5/15)
 Temple: D:4-7

Altars:
Ashenzari
Uskayaw


Innate Abilities, Weirdness & Mutations

You are a hulking beast.
Your limbs bulge with bestial killing power. (Slay +2)
You cannot wear most types of armour.
You are amphibious.
You can wear up to eight rings at the same time.
Your skin changes colour to match your surroundings (Stealth+).
Your rubbery body absorbs attacks. (AC +1, EV +1)
((You are camouflaged when in or above water. (Stealth+)))
You have tentacles for arms and can constrict up to eight enemies at once.
Your system is resistant to poisons. (rPois)
You are weak. (Str -2)


Message History

You constrict the iguana.
You kill the iguana!
The ufetubus barely misses you. The ufetubus misses you.
The ufetubus barely misses you. The ufetubus hits you.
You closely miss the ufetubus. Your grab misses the ufetubus.
You squeeze the ufetubus, but do no damage.
The ufetubus barely misses you.
The ufetubus hits you but does no damage.
You bludgeon the ufetubus!
You kill the ufetubus!
You start resting.
HP restored.
You open the door.
Found a knobbly jewelled staff.
There is an open door here.
You see here a staff of air.
A - a staff of air
There is an open door here.
You see here an iguana corpse.
There is an open door here.
There is an open door here.
The two-headed ogre shouts in stereo!
You see here 12 gold pieces.
You tentacle-slap the two-headed ogre.
Your squeeze misses the two-headed ogre.
The two-headed ogre is lightly wounded.
The two-headed ogre closely misses you. The two-headed ogre misses you.
You tentacle-slap the two-headed ogre.
The two-headed ogre is lightly wounded.
You tentacle-slap the two-headed ogre.
The two-headed ogre is lightly wounded.
The two-headed ogre misses you. x2
You tentacle-slap the two-headed ogre but do no damage.
The two-headed ogre is lightly wounded.
The two-headed ogre hits you with a +0 giant club! x2
You see here 12 gold pieces.
The two-headed ogre hits you with a +0 giant club!
* * * LOW HITPOINT WARNING * * *
The two-headed ogre hits you with a +0 giant club!
You die...

#...⌠.⌠.⌠ #. .#.......
###..#..... .. ..#..K..#
..... ..⌠. ..#..#.....#
.....###.#####.#####.###
...........#$...|#......
...........#.....#......
#..........$.....##..
#....O..#.....#..##..
#...h...#/...)#......
+.......###.###..##..
#................##..
#<.....#.....#...##..
#......#.....'...###'
#......#.....#.......
#......+.....#.....†.
#......########..##..
#.............##'##.#


You could see a two-headed ogre.

Vanquished Creatures
  The ghost of HilariousDeathArtist the Insei, an amateur DjSh of Hepliaklqana (D:3)
  2 bullfrogs
  2 iguanas (D:5)
  Terence (D:3)
  Robin (D:3)
  8 adders
  2 ufetubi (D:5)
  A worm (D:2)
  3 dart slugs
  2 orcs (D:3)
  5 ball pythons
  11 endoplasms
  2 giant cockroaches (D:1)
  14 goblins
  12 hobgoblins
  3 jackals (D:1)
  2 quokkas
  7 bats
  2 frilled lizards (D:2)
  7 kobolds
  5 rats
93 creatures vanquished.

Notes
Turn   | Place    | Note
-------+----------+-------------------------------------------
     0 | D:1      | Kuronicle the Octopode Shapeshifter began the quest for the
                  | Orb.
     0 | D:1      | Reached XP level 1. HP: 13/13 MP: 1/1
   155 | D:1      | Reached XP level 2. HP: 17/18 MP: 2/2
   302 | D:1      | Reached skill level 1 in Stealth
   510 | D:1      | Reached XP level 3. HP: 23/23 MP: 3/3
  1327 | D:2      | Reached skill level 2 in Stealth
  1447 | D:2      | Reached XP level 4. HP: 29/29 MP: 4/4
  1901 | D:2      | Reached skill level 3 in Stealth
  2415 | D:3      | Noticed Robin
  2420 | D:3      | Killed Robin
  2427 | D:3      | Noticed Terence
  2435 | D:3      | Killed Terence
  2436 | D:3      | Reached XP level 5. HP: 28/34 MP: 5/5
  2439 | D:3      | Learned a level 1 spell: Magic Dart
  2540 | D:3      | Found a runed translucent door.
  2543 | D:3      | Noticed HilariousDeathArtist's ghost (amateur DjSh)
  2551 | D:3      | Reached skill level 4 in Stealth
  2562 | D:3      | Killed HilariousDeathArtist's ghost
  2563 | D:3      | Reached skill level 1 in Conjurations
  2563 | D:3      | Reached XP level 6. HP: 25/41 MP: 5/7
  2950 | D:3      | Reached skill level 1 in Spellcasting
  3323 | D:3      | Gained mutation: Your system is resistant to poisons.
                  | (rPois) [potion of mutation]
  3323 | D:3      | Gained mutation: You are weak. (Str -2) [potion of
                  | mutation]
  3589 | D:4      | Reached skill level 5 in Stealth
  3589 | D:4      | Reached XP level 7. HP: 26/45 MP: 8/8
  3670 | D:4      | Found a broken altar of Ashenzari.
  4149 | D:4      | Found a hide-covered altar of Uskayaw.
  4329 | D:5      | Entered Level 5 of the Dungeon
  4364 | D:5      | Noticed a two-headed ogre
  4505 | D:5      | Slain by a two-headed ogre

Illustrated notes

Levels and vault maps discovered:
D:1:      psy_arrival_dodecagon, layout_loops_ring, fountainhead,
          minmay_tromino_mix6
D:2:      layout_loops_ring
D:3:      layout_loops_corners, ebering_ghost_sewer_d, minmay_crystal_water,
          kennysheep_doodads, minmay_misc_feat_hallway, uniq_robin, uniq_terence
D:4:      layout_loops_cross, mainiacjoe_overflow_big_doors
D:5:      layout_gridville, minmay_temple_entry_enclosed_plants,
          minmay_chambers_of_fives, uniq_menkaure

Skill      XL: |  1  2  3  4  5  6 |
---------------+-------------------+-----
Stealth        | 1 2 3 4 5 |  5.0
Fighting       | 2 |  2.9
Unarmed Combat | 4 |  4.9
Dodging        | 3 |  3.0
Conjurations   | 1 |  1.0
Spellcasting   | 1 |  1.0
Shapeshifting  | |  3.8

Action                     |  1- 3 |  4- 6 |  7- 9 || total
---------------------------+-------+-------+-------++-------
  Melee: Unarmed           |    75 |    87 |   159 ||   321
         Constrict         |    15 |    23 |     5 ||    43
         Tentacles         |    16 |    20 |    60 ||    96
         Punch             |     2 |       |     8 ||    10
   Cast: Magic Dart        |       |     4 |       ||     4
    Use: Scroll            |     3 |     3 |       ||     6
         Potion            |       |     3 |       ||     3
   Stab: Sleeping          |     9 |     7 |     2 ||    18
         Distracted        |       |     1 |       ||     1
 Armour: Skin              |    32 |    36 |    26 ||    94
  Dodge: Dodged            |    33 |    38 |    49 ||   120
         Form:             |     1 |       |       ||     1
         Beast             |     1 |       |       ||     1
         Flux              |     1 |       |       ||     1

Table legend: (Time is in decaauts)
 A = Elapsed time spent in this place.
 B = Non-inter-level travel time spent in this place.
 C = Inter-level travel time spent in this place.
 D = Time resting spent in this place.
 E = Time spent auto-exploring this place.
 F = Levels seen in this place.
 G = Mean time per level.
                   A        B        C        D        E       F      G
               +--------+--------+--------+--------+--------+-----+--------+
         Total |   4479 |   4340 |    139 |    683 |   2877 |   5 |  895.8 |
       Dungeon |   4479 |   4340 |    139 |    683 |   2877 |   5 |  895.8 |
               +--------+--------+--------+--------+--------+-----+--------+

Top non-repeatable levels by time:
     D:3: 1434 daAuts
     D:1: 1240 daAuts
     D:4: 829 daAuts
     D:2: 801 daAuts
     D:5: 173 daAuts
